 Dungeon Crawl Stone Soup version 0.20.0-15-g7f486f2 (webtiles) character file.

63 Zachthehappycat the Gusty (level 4, 0/24 HPs)
             Began as a Tengu Air Elementalist on June 29, 2017.
             Slain by a worm (9 damage)
             ... on level 2 of the Dungeon.
             The game lasted 00:15:12 (3074 turns).

Zachthehappycat the Gusty (Tengu Air Elementalist)  Turns: 3074, Time: 00:15:13

Health: 0/24       AC:  6    Str:  9    XL:     4   Next: 10%
Magic:  6/8        EV: 11    Int: 16    God:
Gold:   54         SH:  0    Dex: 14    Spells: 6/7 levels left

rFire    + . .     SeeInvis .   g - +0 dagger
rCold    x . .     Gourm    .   (no shield)
rNeg     . . .     Faith    .   i - +0 ring mail
rPois    +         Spirit   .   (helmet restricted)
rElec    .         Reflect  .   p - +0 cloak
rCorr    .         Harm     .   (no gloves)
MR       .....                  (boots unavailable)
Stlth    +.........             (no amulet)
Regen    0.1/turn               f - ring of fire
MPRegen  0.2/turn               r - ring of poison resistance

@: no status effects
A: beak, talons 3
a: no special abilities


You were on level 2 of the Dungeon.
You were very hungry.

You visited 1 branch of the dungeon, and saw 2 of its levels.

You collected 54 gold pieces.

Inventory:

Hand Weapons
 g - a +0 dagger (weapon)
Missiles
 k - 4 stones (quivered)
 n - 41 arrows
Armour
 a - a +0 robe
 i - a +0 ring mail (worn)
 p - a +0 cloak (worn)
Jewellery
 f - a ring of fire (left hand)
 r - a ring of poison resistance (right hand)
Wands
 o - a wand of scattershot (6/9)
Scrolls
 e - a scroll of teleportation {unknown}
 q - a scroll of enchant weapon {unknown}
 t - a scroll of amnesia {unknown}
Potions
 h - a potion of heal wounds {unknown}
 m - a potion of curing {unknown}
 u - a potion of resistance {unknown}
Books
 b - a book of Air

   Spells                             Type                      Level
   a - Shock                          Conjuration/Air              1
   b - Swiftness                      Charms/Air                   2
   c - Static Discharge               Conjuration/Air              3
   d - Airstrike                      Air                          4
   e - Lightning Bolt                 Conjuration/Air              5
Comestibles
 c - 3 bread rations
 d - 2 fruits
 l - 2 royal jellies


   Skills:
 + Level 0.4 Fighting
 + Level 1.0 Short Blades
 + Level 2.9 Dodging
 + Level 2.3 Stealth
 + Level 0.2 Unarmed Combat
 + Level 2.4 Spellcasting
 + Level 1.5 Conjurations
 + Level 4.7 Air Magic


You had 6 spell levels left.
You knew the following spells:

 Your Spells              Type           Power        Failure   Level  Hunger
a - Shock                 Conj/Air       ##..         16%         1    #......


Dungeon Overview and Level Annotations

Branches:
Dungeon (2/15)

Altars:


Innate Abilities, Weirdness & Mutations

You have a beak for a mouth.
You have claws for feet.


Message History

The worm bites you.
* * * LOW HITPOINT WARNING * * *
You see here a short sword.
The worm closely misses you.
Casting: Shock
Confirm with . or Enter, or press ? or * to list all spells.
Aiming: Shock
Press: ? - help, Shift-Dir - straight line, f - worm
Aim: a worm The zap hits the worm.
The worm is lightly wounded.
Casting: Shock
Confirm with . or Enter, or press ? or * to list all spells.
Aiming: Shock
Press: ? - help, Shift-Dir - straight line, f - worm, p - worm
Aim: a worm The zap hits the worm.
The worm is lightly wounded.
The worm bites you!
You die...

#...##### #...# #.#
#...#...#######...# #.#
###.....#...........# #.#
#.....#..)#######.####
#.# ####.###.#.###
#....###.# #....# #.#.#
#........# #.##.###.#.##
#.##.#####
#.##.......w########.##.#
#.#####...#.@..w.....##.#
#.# ###...###########.#
#.# ##.############.# #.#
#.#.w...w......# #.#
#.#.############ #.#
#.#.# #.#### #.#w# #....#
#)#w# ##### ####.# #w#.#
#...#


You could see 2 worms.

Vanquished Creatures
  An adder (D:2)
  A worm (D:2)
  3 dart slugs (D:1)
  8 goblins
  5 hobgoblins
  4 jackals (D:2)
  4 bats
  6 frilled lizards
  6 kobolds
  9 rats
47 creatures vanquished.

Notes
Turn   | Place    | Note
-------+----------+-------------------------------------------
     0 | D:1      | Zachthehappycat the Tengu Air Elementalist began the quest for the Orb.
     0 | D:1      | Reached XP level 1. HP: 10/10 MP: 4/4
   797 | D:1      | Reached XP level 2. HP: 5/15 MP: 4/6
  1381 | D:1      | Reached XP level 3. HP: 19/19 MP: 7/7
  2820 | D:2      | Reached skill level 1 in Short Blades
  2820 | D:2      | Reached XP level 4. HP: 17/24 MP: 1/8
  3074 | D:2      | Slain by a worm

Skill      XL: |  1  2  3 |
---------------+----------+-----
Short Blades   | 1 |  1.0
Fighting       | |  0.4
Dodging        | |  2.9
Stealth        | |  2.3
Unarmed Combat | |  0.2
Spellcasting   | |  2.4
Conjurations   | |  1.5
Air Magic      | |  4.7

Action                   |  1- 3 |  4- 6 || total
-------------------------+-------+-------++-------
Melee: Unarmed           |    13 |       ||    13
       Club              |    13 |       ||    13
       Kick              |    27 |     4 ||    31
       Peck              |    17 |     5 ||    22
       Short sword       |    38 |       ||    38
       Dagger            |    52 |    24 ||    76
Throw: Stone             |     8 |    20 ||    28
 Cast: Shock             |    25 |    16 ||    41
  Eat: Chunk             |     6 |       ||     6
Armor: Robe              |    27 |       ||    27
       Ring mail         |     1 |     6 ||     7
Dodge: Dodged            |    94 |    16 ||   110
